 Dungeon Sprint DCSS version 0.31-a0-846-gb3bcc0d938 (webtiles) character file.

Game seed: 6804905277813465607

13000000 GigaChad the Formicid Barricade (level 27, 38/249 HPs) *EXPLORE*
             Began as a Formicid Fighter on Oct 3, 2023.
             Quit the game in the Dungeon (Sprint VIII: "Arena of Blood").
             The game lasted 00:05:13 (130 turns).

GigaChad the Formicid Barricade (Formicid Fighter)   Turns: 130, Time: 00:05:13

Health: 38/249     AC: 13    Str: 35    XL:     27
Magic:  45/54      EV: 23    Int:  8    God:
Gold:   0          SH: 11    Dex: 13    Spells: 80/80 levels left

rFire   . . .        h - +∞ Axe of Woe
rCold   . . .        c - +0 buckler
rNeg    . . .        b - +0 scale mail
rPois   .            (helmet unavailable)
rElec   .            (no cloak)
rCorr   .            (no gloves)
SInv    +            (no boots)
Will    ++...        (no amulet)
Stlth   ++++++++     i - +30 ring of slaying
HPRegen 0.61/turn    j - +30 ring of slaying
MPRegen 0.34/turn

%: no passive effects
@: no status effects
A: permanent stasis, dig shafts and tunnels, antennae 3, four strong arms
a: Dig


You were in the Dungeon.
You visited 1 branch

Inventory:

Hand Weapons
 a - a +0 war axe
 h - the +∞ Axe of Woe (weapon)
   (You found it in the Dungeon)
Armour
 b - a +0 scale mail (worn)
 c - a +0 buckler (worn)
Jewellery
 i - a +30 ring of slaying (left hand)
 j - a +30 ring of slaying (right hand)
Potions
 d - a potion of might
 e - a potion of curing
 f - a potion of heal wounds
 g - 2 potions of magic


   Skills:
 O Level 27 Fighting
 O Level 27 Short Blades
 O Level 27 Long Blades
 O Level 27 Axes
 O Level 27 Maces & Flails
 O Level 27 Polearms
 O Level 27 Staves
 O Level 27 Ranged Weapons
 O Level 27 Throwing
 O Level 27 Armour
 O Level 27 Dodging
 O Level 27 Stealth
 O Level 27 Shields
 O Level 27 Unarmed Combat
 O Level 27 Spellcasting
 O Level 27 Conjurations
 O Level 27 Hexes
 O Level 27 Summonings
 O Level 27 Necromancy
 O Level 27 Translocations
 O Level 27 Transmutations
 O Level 27 Fire Magic
 O Level 27 Ice Magic
 O Level 27 Air Magic
 O Level 27 Earth Magic
 O Level 27 Poison Magic
 O Level 27 Invocations
 O Level 27 Evocations
 O Level 27 Shapeshifting


You had 80 spell levels left.
You didn't know any spells.
Your spell library was empty.

Dungeon Overview and Level Annotations

Branches:
Dungeon (1/1)

Altars:
Makhleb

Annotations:
D The Defiler


Innate Abilities, Weirdness & Mutations

You cannot be hasted, slowed, berserked, paralysed or teleported.
You can dig through walls and to a lower floor.
You have a pair of large antennae on your head. (SInv)
Your four strong arms can wield two-handed weapons with a shield.


Message History

You cut the tyrant into ribbons!!!
You dissect the tyrant like a pig carcass.
You destroy the tyrant!
You hack one of the eight-headed meat hydra's heads off!
The seven-headed meat hydra grows two more!
You open the nine-headed meat hydra like a pillowcase!!!
You dissect the nine-headed meat hydra like a pig carcass.
You blow up the nine-headed meat hydra!
You chop the dread into pieces!!!
You pulverise the dread into a thin bloody mist.
You destroy the dread!
The fleshlord appears out of thin air!
A fleshlord comes into view. It is wielding a +9 great mace.
The observer pulsates ominously.
The observer gazes at you. Something smites you!
The destroyer casts a spell at you.
The destroyer blinks!
The fleshlord casts a spell.
The fleshlord seems to speed up.
The eight-headed meat hydra calls on the powers of darkness!
The eight-headed meat hydra convulses!
The scourge convulses! x2
The bag of meat convulses!
The scourge convulses!
The bag of meat convulses! x2
The observer convulses! x3; The bag of meat convulses!
Your body is wracked with pain!
The bag of meat convulses!
The Defiler convulses!
The fleshlord convulses!
The scourge convulses!
The fleshlord convulses!
The observer gazes at you. Something smites you!
The eight-headed meat hydra calls on the powers of darkness!
The eight-headed meat hydra convulses!
The observer convulses! x2
The scourge convulses! x2; Your body is wracked with pain!
* * * LOW HITPOINT WARNING * * *
The accursed points at you and mumbles some strange words.
Something smites you!
* * * LOW HITPOINT WARNING * * *
An eight-headed meat hydra comes into view.
A scourge comes into view.
Unknown command.
Are you sure you want to abandon this character and quit the game? (Confirm with "yes".)

.#... #o.. ..#
o§..#......###.DD ,..###. ...
..X{{........oL.###...... ...
.X{.{LW#VW.XGGX._....... ....
,S{{{#)MW..M.#{..O.#
....,###.{)D.M.XS.#_.<._#
...##...X#{oMWX))#.....#. .
#.....X))#oo)))).S_......
....#.))))XXGo@W)))§)###......
......)))p))X))@###)).....###.
......))))))))MSp.#)).....#
...............†).#{{.....#
.........#......MMM.{......
........#.#.#...p..........
.........#.#.......S.......
..###...#.#.#.............. ..
##...# .....#........#


You could see 8 accurseds, 2 tentacled monstrosities, 2 tyrants, 3 eight-headed
meat hydras, a destroyer, 3 observers, 4 scourges, 3 fleshlords, 7 large
abominations, The Defiler, 4 dreads, a wretched soul (invisible) and 5 bags of
meat.

Vanquished Creatures
  Sigmund (D)
  13 hell beasts (D)
  10 royal mummies (D)
  6 great orbs of eyes (D)
  7 wraiths (D)
  Harold (D)
  29 vampire knights (D)
  74 ogres (D)
  7 two-headed ogres (D)
  8 liches (D)
  7 hydras (D)
  21 phantoms (D)
  135 orcs (D)
  15 skeletal warriors (D)
  3 sea snakes (D)
337 creatures vanquished.

Vanquished Creatures (others)
  4 great orbs of eyes (D)
  2 ogres (D)
  6 two-headed ogres (D)
  2 hydras (D)
  12 orcs (D)
  A sea snake (D)
27 creatures vanquished.

Grand Total: 364 creatures vanquished

Notes
Turn   | Place    | Note
-------+----------+-------------------------------------------
     0 | D        | Found the +∞ Axe of Woe
     0 | D        | GigaChad the Formicid Fighter began the quest for the Orb.
     0 | D        | Reached XP level 1. HP: 18/18 MP: 1/1
     0 | D        | Entered explore mode.
     1 | D        | Noticed a bag of meat
     1 | D        | Noticed a bag of meat
     1 | D        | Noticed a bag of meat
     4 | D        | Noticed a bag of meat
     4 | D        | Noticed a meat berserker
     4 | D        | Noticed a bag of meat
     5 | D        | Noticed a meat berserker
     5 | D        | Noticed a bag of meat
     5 | D        | Noticed a bag of meat
     6 | D        | Noticed a bag of meat
     6 | D        | Mangled by a bag of meat
                  | ... wielding a +9 war axe
                  | (28 damage)
     7 | D        | Killed a bag of meat
     7 | D        | Killed a meat berserker
     7 | D        | Noticed a bag of meat
     8 | D        | Reached skill level 10 in Axes
     8 | D        | Reached XP level 2. HP: 51/51 MP: 2/2
     8 | D        | Reached XP level 3. HP: 58/58 MP: 3/3
     8 | D        | Reached XP level 4. HP: 65/65 MP: 4/4
     8 | D        | Reached XP level 5. HP: 72/72 MP: 5/5
     8 | D        | Reached XP level 6. HP: 79/79 MP: 6/6
     8 | D        | Reached XP level 7. HP: 86/86 MP: 7/7
     8 | D        | Reached XP level 8. HP: 93/93 MP: 8/8
     8 | D        | Reached XP level 9. HP: 99/99 MP: 9/9
     8 | D        | Reached XP level 10. HP: 107/107 MP: 10/10
     8 | D        | Reached XP level 11. HP: 113/113 MP: 11/11
     8 | D        | Reached XP level 12. HP: 121/121 MP: 12/12
     8 | D        | Reached XP level 13. HP: 127/127 MP: 13/13
     9 | D        | Killed a meat berserker
     9 | D        | Killed a bag of meat
     9 | D        | Killed a bag of meat
     9 | D        | Noticed a bag of meat
    10 | D        | Reached XP level 14. HP: 47/145 MP: 14/14
    10 | D        | Killed a bag of meat
    10 | D        | Killed a bag of meat
    10 | D        | Killed a bag of meat
    10 | D        | Noticed a bag of meat
    11 | D        | Reached skill level 27 in Shields
    11 | D        | Reached XP level 15. HP: 52/158 MP: 15/15
    11 | D        | Noticed a meat berserker
    12 | D        | Reached skill level 27 in Fighting
    12 | D        | Noticed a meat berserker
    13 | D        | Reached skill level 27 in Armour
    13 | D        | Reached XP level 16. HP: 56/167 MP: 16/16
    13 | D        | Noticed a meat berserker
    13 | D        | Noticed a meat berserker
    14 | D        | Noticed a large bag of meat
    14 | D        | Noticed a meat berserker
    14 | D        | Noticed a meat berserker
    14 | D        | Noticed a meat berserker
    15 | D        | Noticed a meat berserker
    15 | D        | Noticed a meat berserker
    16 | D        | Noticed a meat berserker
    17 | D        | Mangled by a bag of meat
                  | ... wielding a +9 war axe
                  | (31 damage)
    18 | D        | Killed a meat berserker
    18 | D        | Killed a meat berserker
    19 | D        | Reached skill level 27 in Axes
    19 | D        | Reached XP level 17. HP: 77/174 MP: 17/17
    19 | D        | Reached XP level 18. HP: 80/182 MP: 18/18
    19 | D        | Killed a meat berserker
    19 | D        | Killed a meat berserker
    19 | D        | Killed a meat berserker
    20 | D        | Reached skill level 27 in Dodging
    20 | D        | Reached XP level 19. HP: 84/189 MP: 19/19
    20 | D        | Noticed a meat berserker
    20 | D        | Killed a meat berserker
    20 | D        | Killed a meat berserker
    20 | D        | Killed a meat berserker
    21 | D        | Reached skill level 10 in Stealth
    21 | D        | Reached skill level 10 in Poison Magic
    21 | D        | Reached skill level 10 in Invocations
    21 | D        | Reached XP level 20. HP: 88/197 MP: 19/31
    21 | D        | Killed a meat berserker
    21 | D        | Noticed a large bag of meat
    21 | D        | Noticed a meat berserker
    22 | D        | Reached skill level 10 in Hexes
    22 | D        | Reached skill level 10 in Earth Magic
    22 | D        | Reached skill level 10 in Evocations
    22 | D        | Noticed a meat berserker
    22 | D        | Noticed a destroyer
    22 | D        | Killed a large bag of meat
    23 | D        | Reached skill level 10 in Summonings
    23 | D        | Reached skill level 10 in Transmutations
    23 | D        | Reached skill level 10 in Shapeshifting
    23 | D        | Reached XP level 21. HP: 57/204 MP: 19/34
    24 | D        | Reached skill level 10 in Short Blades
    24 | D        | Reached skill level 10 in Long Blades
    24 | D        | Reached skill level 10 in Maces & Flails
    24 | D        | Reached skill level 10 in Polearms
    24 | D        | Reached skill level 10 in Staves
    24 | D        | Reached skill level 10 in Ranged Weapons
    24 | D        | Reached skill level 10 in Throwing
    24 | D        | Reached skill level 10 in Unarmed Combat
    24 | D        | Reached skill level 10 in Spellcasting
    24 | D        | Reached skill level 10 in Necromancy
    24 | D        | Reached skill level 10 in Fire Magic
    24 | D        | Reached skill level 10 in Ice Magic
    24 | D        | Noticed a meat berserker
    25 | D        | Noticed a destroyer
    25 | D        | Killed a large bag of meat
    25 | D        | Killed a meat berserker
    25 | D        | Engulfed by a cloud of flame (18 damage)
    26 | D        | Reached skill level 10 in Conjurations
    26 | D        | Reached skill level 10 in Translocations
    26 | D        | Killed a meat berserker
    27 | D        | Reached skill level 15 in Invocations
    27 | D        | Reached XP level 22. HP: 206/212 MP: 20/37
    27 | D        | Noticed a meat berserker
    27 | D        | Noticed a meat berserker
    28 | D        | Killed a destroyer
    28 | D        | Killed a meat berserker
    28 | D        | Noticed a meat berserker
    29 | D        | Reached skill level 15 in Hexes
    29 | D        | Reached skill level 15 in Earth Magic
    29 | D        | Reached skill level 15 in Evocations
    29 | D        | Reached XP level 23. HP: 22/219 MP: 20/40
    29 | D        | Killed a destroyer
    30 | D        | Reached skill level 15 in Summonings
    30 | D        | Reached skill level 15 in Transmutations
    30 | D        | Reached skill level 15 in Shapeshifting
    31 | D        | Noticed a destroyer
    32 | D        | Reached XP level 24. HP: 24/227 MP: 21/41
    34 | D        | Reached skill level 15 in Short Blades
    34 | D        | Reached skill level 15 in Long Blades
    34 | D        | Reached skill level 15 in Maces & Flails
    34 | D        | Reached skill level 15 in Polearms
    34 | D        | Reached skill level 15 in Staves
    34 | D        | Reached skill level 15 in Ranged Weapons
    34 | D        | Reached skill level 15 in Throwing
    34 | D        | Reached skill level 15 in Unarmed Combat
    34 | D        | Reached skill level 15 in Spellcasting
    34 | D        | Reached skill level 15 in Necromancy
    34 | D        | Reached skill level 15 in Fire Magic
    34 | D        | Reached skill level 15 in Ice Magic
    38 | D        | Reached skill level 15 in Conjurations
    38 | D        | Reached skill level 15 in Translocations
    38 | D        | Reached XP level 25. HP: 27/234 MP: 22/43
    39 | D        | Killed a destroyer
    40 | D        | Annihilated by a sculptor of flesh
                  | ... wielding a +9 great sword
                  | (130 damage)
    42 | D        | Reached skill level 15 in Air Magic
    42 | D        | Reached XP level 26. HP: 229/242 MP: 23/44
    42 | D        | Noticed a destroyer
    44 | D        | Noticed an accursed
    44 | D        | Noticed a destroyer
    45 | D        | Noticed a destroyer
    45 | D        | Noticed a destroyer
    45 | D        | Noticed The Servant
    45 | D        | Noticed a destroyer
    45 | D        | Noticed a destroyer
    45 | D        | Noticed a large bag of meat
    46 | D        | Noticed a large bag of meat
    46 | D        | Noticed a destroyer
    46 | D        | Noticed a destroyer
    46 | D        | Noticed a destroyer
    47 | D        | Reached skill level 27 in Stealth
    47 | D        | Noticed an accursed
    47 | D        | Noticed a tyrant
    47 | D        | Noticed a large bag of meat
    48 | D        | Noticed a destroyer
    48 | D        | HP: 12/242 [accursed/divine providence (15)]
    49 | D        | Killed a destroyer
    49 | D        | Noticed a destroyer
    49 | D        | Killed by divine providence
                  | ... invoked by an accursed
                  | (12 damage)
    50 | D        | Annihilated by a destroyer
                  | ... wielding a +9 heavy great sword
                  | (157 damage)
    51 | D        | Killed a large bag of meat
    51 | D        | Killed an accursed
    51 | D        | Killed a destroyer
    51 | D        | Killed a destroyer
    52 | D        | Reached XP level 27. HP: 185/249 MP: 25/46
    53 | D        | Killed a tyrant
    53 | D        | Killed a destroyer
    54 | D        | Noticed an accursed
    55 | D        | Killed a destroyer
    55 | D        | Killed a destroyer
    56 | D        | Reached skill level 27 in Poison Magic
    56 | D        | Reached skill level 27 in Invocations
    57 | D        | Slain by The Servant
                  | ... wielding a +9 glaive of flaming
                  | (29 damage)
    58 | D        | Killed The Servant
    58 | D        | Killed a destroyer
    58 | D        | Killed a large bag of meat
    58 | D        | Noticed a destroyer
    59 | D        | HP: 12/249 [sculptor of flesh/+9 great sword (88)]
    59 | D        | Killed by divine providence
                  | ... invoked by an accursed
                  | (16 damage)
    59 | D        | Noticed a large bag of meat
    59 | D        | Killed a large bag of meat
    60 | D        | Annihilated by a sculptor of flesh
                  | ... wielding a +9 great sword
                  | (270 damage)
    62 | D        | Killed a destroyer
    63 | D        | Reached skill level 27 in Earth Magic
    63 | D        | Killed a destroyer
    64 | D        | Noticed a meat beast
    65 | D        | Reached skill level 27 in Evocations
    65 | D        | Noticed a dread
    66 | D        | Killed an accursed
    66 | D        | Killed an accursed
    66 | D        | Killed a destroyer
    66 | D        | HP: 1/249 [something (24)]
    66 | D        | Engulfed by a cloud of flame (12 damage)
    67 | D        | Reached skill level 27 in Hexes
    67 | D        | Noticed a meat beast
    67 | D        | Noticed a destroyer
    67 | D        | Noticed a destroyer
    67 | D        | Noticed The Captor
    67 | D        | Noticed an accursed
    68 | D        | Killed a meat beast
    68 | D        | Killed a large bag of meat
    69 | D        | Reached skill level 27 in Summonings
    69 | D        | Reached skill level 27 in Transmutations
    69 | D        | Reached skill level 27 in Shapeshifting
    69 | D        | Noticed a meat beast
    70 | D        | Killed a destroyer
    70 | D        | Noticed a meat beast
    70 | D        | Noticed a destroyer
    71 | D        | Reached skill level 27 in Ice Magic
    71 | D        | Killed a destroyer
    72 | D        | Reached skill level 27 in Short Blades
    72 | D        | Reached skill level 27 in Necromancy
    72 | D        | Reached skill level 27 in Fire Magic
    72 | D        | Noticed a meat beast
    72 | D        | Noticed a large bag of meat
    73 | D        | Killed a meat beast
    73 | D        | Killed a meat beast
    73 | D        | Noticed a meat beast
    74 | D        | Reached skill level 27 in Long Blades
    74 | D        | Reached skill level 27 in Maces & Flails
    74 | D        | Reached skill level 27 in Polearms
    74 | D        | Reached skill level 27 in Staves
    74 | D        | Reached skill level 27 in Ranged Weapons
    74 | D        | Reached skill level 27 in Throwing
    74 | D        | Reached skill level 27 in Unarmed Combat
    74 | D        | Reached skill level 27 in Spellcasting
    74 | D        | Reached skill level 27 in Conjurations
    74 | D        | Reached skill level 27 in Translocations
    74 | D        | Reached skill level 27 in Air Magic
    74 | D        | Killed a destroyer
    74 | D        | Killed a meat beast
    74 | D        | Noticed a tyrant
    74 | D        | Noticed a meat beast
    75 | D        | Noticed a meat beast
    75 | D        | Noticed a large bag of meat
    75 | D        | Noticed a dread
    75 | D        | Noticed a destroyer
    76 | D        | Noticed a tyrant
    76 | D        | HP: 12/249 [??? (10)]
    77 | D        | HP: 5/249 [bag of meat/+9 war axe (7)]
    78 | D        | Killed a meat beast
    79 | D        | Noticed a large bag of meat
    79 | D        | Annihilated by a meat berserker
                  | ... wielding a +9 battleaxe
                  | (56 damage)
    81 | D        | Killed a destroyer
    81 | D        | Killed a meat beast
    81 | D        | Killed from afar by a wretched soul (102 damage)
                  | ... with a bolt of negative energy
    82 | D        | Killed a destroyer
    82 | D        | Killed a meat beast
    82 | D        | Noticed an accursed
    82 | D        | Noticed a destroyer
    83 | D        | Killed a meat beast
    84 | D        | Noticed a destroyer
    84 | D        | Killed a destroyer
    84 | D        | Noticed a dread
    84 | D        | HP: 1/249 [tyrant/the air (52)]
    84 | D        | Annihilated by a meat berserker
                  | ... wielding a +9 battleaxe
                  | (41 damage)
    86 | D        | Noticed a meat beast
    86 | D        | Killed a dread
    86 | D        | Killed a destroyer
    86 | D        | Noticed a meat beast
    86 | D        | Killed a large bag of meat
    86 | D        | Killed a large bag of meat
    87 | D        | Demolished by a destroyer
                  | ... wielding a +9 heavy great sword
                  | (43 damage)
    87 | D        | Killed a large bag of meat
    88 | D        | Killed a destroyer
    88 | D        | Killed The Captor
    88 | D        | Noticed a destroyer
    88 | D        | Noticed a large bag of meat
    89 | D        | Noticed a meat beast
    89 | D        | Noticed a tyrant
    89 | D        | Noticed an accursed
    90 | D        | Noticed a meat beast
    90 | D        | Noticed an accursed
    90 | D        | Killed a tyrant
    90 | D        | Killed a meat beast
    90 | D        | Killed a dread
    91 | D        | Noticed an accursed
    91 | D        | Noticed a tyrant
    91 | D        | HP: 12/249 [meat beast (6)]
    91 | D        | Slain by a meat beast (13 damage)
    92 | D        | Noticed a meat beast
    92 | D        | Killed a meat beast
    92 | D        | Noticed a large bag of meat
    93 | D        | Killed a meat beast
    94 | D        | Killed an accursed
    94 | D        | Killed by the air
                  | ... invoked by a tyrant
                  | (56 damage)
    95 | D        | Noticed a destroyer
    95 | D        | Noticed a destroyer
    95 | D        | Noticed a destroyer
    95 | D        | Noticed an accursed
    95 | D        | Killed a large bag of meat
    96 | D        | Engulfed by a cloud of flame (15 damage)
    96 | D        | Annihilated by a sculptor of flesh
                  | ... wielding a +9 great sword
                  | (200 damage)
    96 | D        | Noticed a destroyer
    97 | D        | HP: 4/249 [observer/divine providence (10)]
    98 | D        | Killed an accursed
    98 | D        | Killed a destroyer
    98 | D        | Killed a large bag of meat
    98 | D        | Killed by an exploding large bag of meat (40 damage)
                  | ... ignited by their inner flame
    99 | D        | Killed a meat beast
    99 | D        | Killed a tyrant
    99 | D        | Killed a dread
    99 | D        | Killed a meat beast
    99 | D        | Noticed a destroyer
   100 | D        | Noticed a destroyer
   101 | D        | Noticed a dread
   101 | D        | Noticed an accursed
   101 | D        | Killed by divine providence
                  | ... invoked by an accursed
                  | (16 damage)
   102 | D        | Killed a destroyer
   102 | D        | Killed a large bag of meat
   102 | D        | Killed an accursed
   102 | D        | Engulfed by a cloud of flame (18 damage)
   103 | D        | Killed a destroyer
   103 | D        | HP: 4/223 [wretched soul/bolt of negative energy (75)]
   104 | D        | Noticed a dread
   104 | D        | Engulfed by a cloud of flame (9 damage)
   104 | D        | Noticed a dread
   104 | D        | Noticed a tyrant
   104 | D        | Noticed a tyrant
   105 | D        | Killed a tyrant
   105 | D        | HP: 1/249 [accursed/divine providence (10)]
   105 | D        | Killed from afar by a dread (24 damage)
                  | ... with damnation
   106 | D        | Killed a destroyer
   106 | D        | Killed by divine providence
                  | ... invoked by an accursed
                  | (14 damage)
   106 | D        | Killed a large bag of meat
   107 | D        | Killed a destroyer
   107 | D        | Killed a tyrant
   107 | D        | Killed a destroyer
   107 | D        | Noticed an accursed
   108 | D        | Demolished by a meat berserker
                  | ... wielding a +9 battleaxe
                  | (39 damage)
   109 | D        | Noticed an accursed
   110 | D        | HP: 4/249 [??? (2)]
   110 | D        | Killed from afar by a wretched soul (67 damage)
                  | ... with a bolt of negative energy
   111 | D        | Noticed an accursed
   111 | D        | Killed by divine providence
                  | ... invoked by an accursed
                  | (15 damage)
   112 | D        | Killed an accursed
   112 | D        | Killed by divine providence
                  | ... invoked by an accursed
                  | (12 damage)
   112 | D        | Noticed a dread
   112 | D        | Noticed an accursed
   113 | D        | Killed a dread
   113 | D        | Noticed a dread
   113 | D        | Noticed a destroyer
   113 | D        | Killed by divine providence
                  | ... invoked by an accursed
                  | (11 damage)
   114 | D        | Noticed an accursed
   114 | D        | Noticed a tyrant
   115 | D        | HP: 12/249 [accursed/divine providence (9)]
   115 | D        | Killed by divine providence
                  | ... invoked by an observer
                  | (9 damage)
   115 | D        | Killed from afar by a wretched soul (80 damage)
                  | ... with a bolt of negative energy
   116 | D        | Killed a destroyer
   116 | D        | Killed a dread
   116 | D        | Noticed an accursed
   117 | D        | Noticed a dread
   117 | D        | Noticed a dread
   117 | D        | Mangled by a bag of meat
                  | ... wielding a +9 war axe
                  | (37 damage)
   117 | D        | Noticed a tyrant
   118 | D        | Killed a tyrant
   118 | D        | Noticed a tyrant
   118 | D        | Killed by divine providence
                  | ... invoked by an observer
                  | (11 damage)
   119 | D        | Killed by divine providence
                  | ... invoked by an accursed
                  | (11 damage)
   120 | D        | Noticed a destroyer
   120 | D        | HP: 9/249 [??? (6)]
   120 | D        | Annihilated by a destroyer
                  | ... wielding a +9 heavy great sword
                  | (228 damage)
   120 | D        | Noticed The Defiler
   120 | D        | Noticed an accursed
   121 | D        | Killed a destroyer
   121 | D        | Killed from afar by an observer (46 damage)
                  | ... with a fireball
   121 | D        | Noticed an accursed
   122 | D        | Killed an accursed
   122 | D        | Killed by divine providence
                  | ... invoked by an observer
                  | (11 damage)
   123 | D        | HP: 2/249 [accursed/divine providence (13)]
   123 | D        | Killed by divine providence
                  | ... invoked by an accursed
                  | (9 damage)
   123 | D        | Noticed a dread
   124 | D        | Killed by divine providence
                  | ... invoked by an accursed
                  | (14 damage)
   126 | D        | Noticed a fleshlord
   126 | D        | Killed an accursed
   126 | D        | Noticed a tyrant
   126 | D        | Killed by divine providence
                  | ... invoked by an accursed
                  | (11 damage)
   127 | D        | Killed an accursed
   127 | D        | Killed a dread
   127 | D        | Noticed a fleshlord
   128 | D        | Killed a tyrant
   128 | D        | HP: 11/249 [??? (8)]
   128 | D        | Killed by divine providence
                  | ... invoked by an observer
                  | (15 damage)
   129 | D        | Killed a tyrant
   129 | D        | Killed a dread
   130 | D        | Noticed a fleshlord
   130 | D        | Quit the game

Illustrated notes

Levels and vault maps discovered:
D:        meatsprint

Skill      XL: |  1  2  3  4  5  6  7  8  9 10 11 12 13 14 15 16 17 18 19 20 21 22 23 24 25 26 27 |
---------------+----------------------------------------------------------------------------------+-----
Fighting       | 20 24 26 27 | 27.0
Axes           | 10 13 16 19 27 | 27.0
Armour         | 20 23 25 27 | 27.0
Shields        | 21 25 27 | 27.0
Dodging        | 22 27 | 27.0
Short Blades   | 7 9 11 13 14 16 17 19 27 | 27.0
Long Blades    | 7 9 11 13 14 16 17 19 27 | 27.0
Maces & Flails | 7 9 11 13 14 16 17 19 27 | 27.0
Polearms       | 7 9 11 13 14 16 17 19 27 | 27.0
Staves         | 7 9 11 13 14 16 17 19 27 | 27.0
Ranged Weapons | 7 9 11 13 14 16 17 19 27 | 27.0
Throwing       | 7 9 11 13 14 16 17 19 27 | 27.0
Stealth        | 10 12 14 16 18 20 22 27 | 27.0
Unarmed Combat | 7 9 11 13 14 16 17 19 27 | 27.0
Spellcasting   | 7 9 11 13 14 16 17 19 27 | 27.0
Conjurations   | 7 8 10 12 13 15 16 18 27 | 27.0
Hexes          | 9 11 13 15 17 19 20 23 27 | 27.0
Summonings     | 8 10 13 14 16 18 19 22 27 | 27.0
Necromancy     | 7 9 11 13 14 16 17 19 27 | 27.0
Translocations | 7 8 10 12 13 15 16 18 27 | 27.0
Transmutations | 8 10 12 14 15 17 19 21 27 | 27.0
Fire Magic     | 7 9 11 13 14 16 17 19 27 | 27.0
Ice Magic      | 7 9 11 13 14 16 17 20 27 | 27.0
Air Magic      | 6 7 9 11 12 13 15 17 27 | 27.0
Earth Magic    | 9 11 13 15 17 19 20 23 27 | 27.0
Poison Magic   | 10 12 14 16 18 20 22 25 27 | 27.0
Invocations    | 10 12 15 17 19 21 22 25 27 | 27.0
Evocations     | 9 11 14 15 17 19 21 23 27 | 27.0
Shapeshifting  | 8 10 13 14 16 18 19 22 27 | 27.0

Action                     |  1- 3 |  4- 6 |  7- 9 | 10-12 | 13-15 | 16-18 | 19-21 | 22-24 | 25-27 || total
---------------------------+-------+-------+-------+-------+-------+-------+-------+-------+-------++-------
  Melee: Executioner's axe |     1 |       |       |       |     4 |     4 |     6 |     9 |    63 ||    87
 Armour: Scale mail        |     1 |       |       |       |     3 |     5 |     6 |     2 |   145 ||   162
  Dodge: Dodged            |       |       |       |       |       |       |       |     1 |    46 ||    47
  Block: Buckler           |       |       |       |       |     1 |       |     1 |     3 |    26 ||    31

Table legend: (Time is in decaauts)
 A = Elapsed time spent in this place.
 B = Non-inter-level travel time spent in this place.
 C = Inter-level travel time spent in this place.
 D = Time resting spent in this place.
 E = Time spent auto-exploring this place.
 F = Levels seen in this place.
 G = Mean time per level.
                   A        B        C        D        E       F      G
               +--------+--------+--------+--------+--------+-----+--------+
         Total |    105 |    105 |      0 |      0 |      0 |   1 |  105.0 |
       Dungeon |    105 |    105 |      0 |      0 |      0 |   1 |  105.0 |
               +--------+--------+--------+--------+--------+-----+--------+

Top non-repeatable levels by time:
       D: 105 daAuts
